 Dungeon Sprint DCSS version 0.21-a0-364-gbd1fde4 (webtiles) character file.

22147 Kidiri the Basher (level 12, 0/204 HPs)
             Began as a Troll Hunter on Oct 14, 2017.
             Was the Champion of Trog.
             Slain by a hornet (6 damage)
             ... created by a shambling mangrove
             ... in the Dungeon (Sprint IX: "|||||||||||||||||||||||||||||").
             The game lasted 00:21:33 (3220 turns).

Kidiri the Basher (Troll Hunter)                    Turns: 3220, Time: 00:21:33

Health: 0/204      AC: 25    Str: 34    XL:     12   Next: 60%
Magic:  11/11      EV: 10    Int:  5    God:    Trog [******]
Gold:   1106       SH:  0    Dex: 13    Spells: 11/11 levels left

rFire    . . .     SeeInvis .   a - +1 giant spiked club
rCold    . . .     Gourm    +   (shield currently unavailable)
rNeg     . . .     Faith    .   M - +0 storm dragon scales
rPois    .         Spirit   .   (helmet restricted)
rElec    +         Reflect  .   H - +1 cloak
rCorr    .         Harm     .   (gloves unavailable)
MR       .....     Rnd*Rage +   (boots unavailable) Stlth ..........NoTele +
                                (no amulet)
HPRegen  0.84/turn              p - +3 ring of strength
MPRegen  0.12/turn              q - +2 ring of protection

@: berserking (expiring), grasped by roots, quick
A: unfitting armour, claws 3, iridescent scales 1, berserk 1, dopey 1, fast
metabolism 3, gourmand, regeneration 1, shaggy fur 1, strong 1, tough skin 2
a: Berserk, Trog's Hand, Brothers in Arms, Burn Spellbooks, Renounce Religion


You were in the Dungeon.
You worshipped Trog.
Trog was exalted by your worship.
You were near starving.

You visited 1 branch You collected 1900 gold pieces.
You spent 794 gold pieces at shops.

Inventory:

Hand Weapons
 a - a +1 giant spiked club (weapon)
Missiles
 d - 13 large rocks (quivered)
Armour
 H - a +1 cloak (worn)
 M - +0 storm dragon scales (worn)
Jewellery
 p - a +3 ring of strength (left claw)
 q - a +2 ring of protection (right claw)
Wands
 n - a wand of lightning (7/15)
Scrolls
 h - 2 scrolls of recharging
 k - 3 scrolls of blinking
 m - 4 scrolls of remove curse
 t - 6 scrolls of fog
 u - 2 scrolls of enchant armour
 x - 3 scrolls of enchant weapon
 T - 4 scrolls of identify
Potions
 e - 8 potions of curing
 g - a potion of heal wounds
 i - 4 potions of magic
 j - 3 potions of berserk rage
 l - 2 potions of invisibility
 P - 2 potions of brilliance
 Q - 2 potions of agility
 R - a potion of resistance
 S - 2 potions of might
Comestibles
 b - 12 meat rations
 f - 14 bread rations
 s - 40 fruits


   Skills:
 * Level 13.3 Fighting
 * Level 13.8 Maces & Flails
 + Level 11.2 Throwing
 * Level 13.2 Armour
 * Level 13.3 Dodging
 - Level 0.3 Stealth


You had 11 spell levels left.
You didn't know any spells.

Dungeon Overview and Level Annotations

Branches:
Dungeon (1/1)

Altars:
Cheibriados
Dithmenos
Elyvilon
Fedhas
Gozag
Hepliaklqana
Kikubaaqudgha
Makhleb
Nemelex Xobeh
Okawaru
Qazlal
Ru
Sif Muna
Trog
Uskayaw
Vehumet
Wu Jian
Xom
Yredelemnul
Zin
The Shining One
Beogh
Jiyva
Lugonu

Shops:
D !?=%


Innate Abilities, Weirdness & Mutations

You are too large for most types of armour.
You have claws for hands.
Your metabolism is lightning-fast.
You like to eat raw meat.
Your natural rate of healing is unusually fast.
You are covered in fur. (AC +1)
You have very tough skin. (AC +2)
You are partially covered in iridescent scales. (AC +2)
You tend to lose your temper in combat.
You are dopey. (Int -2)
Your muscles are strong. (Str +2)


Message History

* * * LOW HITPOINT WARNING * * *
Unknown command.
You impale the shambling mangrove!!
The shambling mangrove is severely damaged.
Your skin stops crawling.
You feel less resistant to hostile enchantments.
The hornet barely misses you.
Unknown command.
You miss the hornet. The shambling mangrove hits you!!
* * * LOW HITPOINT WARNING * * *
The hornet barely misses you.
Unknown command.
You barely miss the hornet.
The ground creaks as gnarled roots bulge its surface.
The hornet barely misses you.
The shambling mangrove hits you but does no damage.
Unknown command.
Unknown command.
You barely miss the hornet. The hornet stings you.
You die...

▓.▓.▓.▓.▓.▓.▓'▓.▓.
▓.▓.▓.▓.▓.▓.▓.▓.▓.
▓.▓.▓'▓.▓.▓.▓.▓.▓.
▓.▓.▓.▓.▓.▓.▓.▓.▓'
▓.▓.▓.▓.▓.▓.▓.▓.▓.
▓.▓.▓.▓.▓.▓.▓.▓.▓.
▓.▓.▓.▓.▓'▓.▓.▓.▓.
▓y▓.▓.▓.▓.▓.▓.▓.▓.
♣@♣.▓.▓.▓.▓.▓.▓.▓.
♣f♣.▓.▓.▓.▓.▓.▓.▓'
♣y♣.▓.▓.▓.▓.▓.▓.▓_
♣y♣.▓.▓.▓.▓.▓.▓.▓_
♣(♣.▓.▓.▓.▓.▓.▓.▓_
♣.♣.▓.▓.▓.▓.▓.▓.▓_
♣.♣.▓.▓.▓.▓.▓'▓.▓_
♣.♣.▓.▓.▓.▓.▓.▓.▓_
♣.▓.▓.▓.▓.▓.▓.▓_


You could see a shambling mangrove, a hornet and 2 vampire mosquitoes.

Vanquished Creatures
  A thorn hunter (D)
  A fire giant (D)
  Aizul (D)
  A rakshasa (D)
  2 hydras (D)
  Erica (D)
  A two-headed ogre (D)
  An alligator (D)
  2 orc knights (D)
  4 orc sorcerers (D)
  An ugly thing (D)
  2 cyclopes (D)
  4 elephants (D)
  Joseph (D)
  A black mamba (D)
  A spiny frog (D)
  A troll (D)
  A blink frog (D)
  2 hornets (D)
  3 hippogriffs (D)
  2 spriggans (D)
  3 yaks (D)
  A vampire mosquito (D)
  2 water moccasins (D)
  2 porcupines (D)
  A swamp drake (D)
  5 orc warriors (D)
  2 ogres (D)
  A wolf (D)
  3 bullfrogs (D)
  2 jellies (D)
  6 orc wizards (D)
  2 worker ants (D)
  An adder (D)
  An adder skeleton (D)
  8 orcs (D)
  A giant cockroach (D)
  A goblin (D)
  A jackal (D)
  A quokka (D)
  2 frilled lizards (D)
  A jackal zombie (D)
  A kobold (D)
82 creatures vanquished.

Vanquished Creatures (collateral kills)
  A dire elephant (D)
  A fire dragon (D)
  An ice dragon (D)
  A rakshasa (D)
  A centaur warrior (D)
  A wizard (D)
  2 orc knights (D)
  2 orc sorcerers (D)
  An ugly thing (D)
  3 elephants (D)
  A spiny frog (D)
  A yaktaur (D)
  A hippogriff (D)
  5 orc warriors (D)
  2 crimson imps (D)
  5 orc wizards (D)
  An orc (D)
30 creatures vanquished.

Grand Total: 112 creatures vanquished

Notes
Turn   | Place    | Note
-------+----------+-------------------------------------------
     0 | D        | Kidiri the Troll Hunter began the quest for the Orb.
     0 | D        | Reached XP level 1. HP: 19/19 MP: 0/0
    13 | D        | Reached skill level 1 in Armour
    43 | D        | Noticed a jelly
    43 | D        | Noticed a worker ant
    45 | D        | Killed a jelly
    45 | D        | Reached XP level 2. HP: 31/31 MP: 1/1
    45 | D        | Reached XP level 3. HP: 37/37 MP: 2/2
    49 | D        | Reached XP level 4. HP: 46/48 MP: 3/3
   122 | D        | Found a roughly hewn altar of Beogh.
   122 | D        | Found a snail-covered altar of Cheibriados.
   122 | D        | Found a shadowy altar of Dithmenos.
   122 | D        | Found a white marble altar of Elyvilon.
   122 | D        | Found a blossoming altar of Fedhas.
   122 | D        | Found an opulent altar of Gozag.
   123 | D        | Found a hazy altar of Hepliaklqana.
   124 | D        | Found a viscous altar of Jiyva.
   125 | D        | Found an ancient bone altar of Kikubaaqudgha.
   126 | D        | Found a corrupted altar of Lugonu.
   127 | D        | Found a burning altar of Makhleb.
   128 | D        | Found a sparkling altar of Nemelex Xobeh.
   129 | D        | Found an iron altar of Okawaru.
   130 | D        | Found a stormy altar of Qazlal.
   131 | D        | Found a sacrificial altar of Ru.
   132 | D        | Found a deep blue altar of Sif Muna.
   133 | D        | Found a bloodstained altar of Trog.
   134 | D        | Found a hide-covered altar of Uskayaw.
   135 | D        | Found a radiant altar of Vehumet.
   136 | D        | Found an ornate altar of the Wu Jian Council.
   137 | D        | Found a shimmering altar of Xom.
   138 | D        | Found a basalt altar of Yredelemnul.
   139 | D        | Found a glowing silver altar of Zin.
   140 | D        | Found a glowing golden altar of the Shining One.
   141 | D        | Became a worshipper of Trog the Wrathful
   177 | D        | Got the +3 war axe of No More Talking {distort, rN+}
   286 | D        | Noticed a hippogriff
   286 | D        | Noticed an ogre
   286 | D        | Noticed a yak
   292 | D        | Killed a hippogriff
   292 | D        | Reached skill level 5 in Fighting
   292 | D        | Reached skill level 5 in Throwing
   292 | D        | Reached skill level 5 in Dodging
   292 | D        | Reached XP level 5. HP: 56/57 MP: 4/4
   295 | D        | Killed an ogre
   295 | D        | Reached * piety under Trog
   295 | D        | Reached skill level 5 in Armour
   295 | D        | Reached XP level 6. HP: 39/67 MP: 5/5
   302 | D        | Killed a yak
   302 | D        | Reached skill level 5 in Maces & Flails
   307 | D        | Reached ** piety under Trog
   434 | D        | Noticed a brown ugly thing
   434 | D        | Noticed a troll
   434 | D        | Noticed a cyclops
   434 | D        | Noticed an orc warrior
   442 | D        | Killed a brown ugly thing
   442 | D        | Reached XP level 7. HP: 29/78 MP: 6/6
   491 | D        | Killed a troll
   491 | D        | Reached XP level 8. HP: 70/87 MP: 7/7
   523 | D        | Killed a cyclops
   524 | D        | Reached *** piety under Trog
   851 | D        | Gained mutation: You are agile. (Dex +2) [potion of mutation]
   851 | D        | Gained mutation: You are covered in thick fur. (AC +2) [potion of mutation]
   861 | D        | Lost mutation: You are covered in thick fur. (AC +2) [potion of mutation]
   861 | D        | Lost mutation: You are agile. (Dex +2) [potion of mutation]
   861 | D        | Gained mutation: You are partially covered in iridescent scales. (AC +2) [potion of mutation]
   861 | D        | Gained mutation: Your muscles are strong. (Str +2) [potion of mutation]
   923 | D        | Noticed a hippogriff
   923 | D        | Noticed a six-headed hydra
   932 | D        | Noticed a hippogriff
   934 | D        | Noticed a spiny frog
   937 | D        | Killed a hippogriff
   937 | D        | Received a gift from Trog
   941 | D        | Killed a six-headed hydra
   941 | D        | Reached XP level 9. HP: 98/98 MP: 8/8
   946 | D        | Reached **** piety under Trog
   960 | D        | Received a gift from Trog
   967 | D        | Killed a spiny frog
  1050 | D        | Noticed a black mamba
  1050 | D        | Noticed a spiny frog
  1069 | D        | Killed a black mamba
  1069 | D        | Reached XP level 10. HP: 102/109 MP: 9/9
  1071 | D        | Killed a spiny frog
  1071 | D        | Reached ***** piety under Trog
  1073 | D        | Reached skill level 10 in Maces & Flails
  1076 | D        | Reached skill level 10 in Dodging
  1082 | D        | Reached skill level 10 in Fighting
  1138 | D        | Noticed an elephant
  1138 | D        | Noticed an elephant
  1138 | D        | Noticed an elephant
  1138 | D        | Noticed an elephant
  1138 | D        | Noticed an elephant
  1138 | D        | Noticed an elephant
  1139 | D        | Noticed a dire elephant
  1146 | D        | Killed an elephant
  1146 | D        | Reached skill level 10 in Armour
  1153 | D        | Killed an elephant
  1156 | D        | Killed an elephant
  1160 | D        | Killed an elephant
  1160 | D        | Received a gift from Trog
  1163 | D        | Killed a dire elephant
  1165 | D        | Killed an elephant
  1165 | D        | Received a gift from Trog
  1166 | D        | Killed an elephant
  1172 | D        | Noticed an elephant
  1175 | D        | Killed an elephant
  1553 | D        | Received a gift from Trog
  1555 | D        | Received a gift from Trog
  1564 | D        | Reached ****** piety under Trog
  1573 | D        | Received a gift from Trog
  1594 | D        | Noticed an orc knight
  1610 | D        | Killed an orc knight
  1610 | D        | Reached XP level 11. HP: 62/120 MP: 10/10
  1735 | D        | Noticed an orc knight
  1738 | D        | Noticed an orc knight
  1742 | D        | Killed an orc knight
  1752 | D        | Noticed an orc knight
  1755 | D        | Killed an orc knight
  1759 | D        | Killed an orc knight
  1761 | D        | Received a gift from Trog
  1763 | D        | Received a gift from Trog
  1902 | D        | Found Tuimusch's Distillery.
  1902 | D        | Noticed an orc sorcerer
  1902 | D        | Noticed an orc sorcerer
  1909 | D        | Killed an orc sorcerer
  1909 | D        | Received a gift from Trog
  1911 | D        | Noticed a sixfirhy
  1913 | D        | Noticed an orc sorcerer
  1933 | D        | Killed an orc sorcerer
  1938 | D        | Killed an orc sorcerer
  1940 | D        | Received a gift from Trog
  1943 | D        | Noticed an orc sorcerer
  1943 | D        | Killed an orc sorcerer
  1954 | D        | Found Wasilill's Magic Scroll Shoppe.
  1962 | D        | Found Sekh's Jewellery Emporium.
  1988 | D        | Found Wyenugij's Food Shoppe.
  1991 | D        | Bought a potion of invisibility for 80 gold pieces
  1991 | D        | Bought a potion of agility for 40 gold pieces
  1991 | D        | Bought a potion of agility for 40 gold pieces
  1991 | D        | Bought a potion of curing for 30 gold pieces
  1991 | D        | Bought a potion of resistance for 100 gold pieces
  1991 | D        | Bought a potion of might for 40 gold pieces
  1991 | D        | Bought a potion of berserk rage for 50 gold pieces
  1991 | D        | Noticed an orc sorcerer
  1993 | D        | Bought a scroll of identify for 24 gold pieces
  1993 | D        | Bought a scroll of fog for 24 gold pieces
  1993 | D        | Bought a scroll of enchant weapon for 90 gold pieces
  1993 | D        | Bought a scroll of fog for 24 gold pieces
  1993 | D        | Bought a scroll of fog for 24 gold pieces
  1993 | D        | Bought a scroll of enchant weapon for 90 gold pieces
  1993 | D        | Bought a scroll of identify for 24 gold pieces
  1993 | D        | Bought a scroll of blinking for 90 gold pieces
  1993 | D        | Bought a scroll of identify for 24 gold pieces
  1993 | D        | Paralysed by an orc sorcerer for 2 turns
  1995 | D        | Noticed an orc sorcerer
  1996 | D        | Killed an orc sorcerer
  1996 | D        | Received a gift from Trog
  2000 | D        | Killed an orc sorcerer
  2328 | D        | Noticed Joseph
  2334 | D        | Killed Joseph
  2334 | D        | Received a gift from Trog
  2334 | D        | Reached skill level 10 in Throwing
  2359 | D        | Noticed Erica
  2362 | D        | Killed Erica
  2362 | D        | Received a gift from Trog
  2493 | D        | Got the +4 falchion of Defence {drain, *Rage +Fly Str+2 Dex+2}
  2675 | D        | Noticed a two-headed ogre
  2675 | D        | Noticed a centaur warrior
  2679 | D        | Noticed a white ugly thing
  2684 | D        | Noticed an ice dragon
  2687 | D        | Noticed a rakshasa
  2697 | D        | Killed a two-headed ogre
  2702 | D        | Killed a centaur warrior
  2708 | D        | Killed a rakshasa
  2709 | D        | Killed a white ugly thing
  2711 | D        | Killed an ice dragon
  2711 | D        | Received a gift from Trog
  2713 | D        | Received a gift from Trog
  2715 | D        | Noticed a fire dragon
  2718 | D        | Killed a fire dragon
  2720 | D        | Noticed a wizard
  2724 | D        | Killed a wizard
  2724 | D        | Received a gift from Trog
  2724 | D        | Reached XP level 12. HP: 51/133 MP: 11/11
  2746 | D        | Noticed a rakshasa
  2748 | D        | Noticed a fire giant
  2760 | D        | Killed a rakshasa
  2763 | D        | Killed a fire giant
  2896 | D        | Gained mutation: You tend to lose your temper in combat. [mutagenic meat]
  2897 | D        | Gained mutation: You are dopey. (Int -2) [mutagenic meat]
  3030 | D        | Noticed Aizul
  3047 | D        | Killed Aizul
  3186 | D        | Noticed an alligator
  3186 | D        | Noticed a thorn hunter
  3186 | D        | Noticed an eight-headed hydra
  3191 | D        | Received a gift from Trog
  3198 | D        | Killed an alligator
  3198 | D        | Received a gift from Trog
  3201 | D        | Killed a thorn hunter
  3205 | D        | Killed an eight-headed hydra
  3218 | D        | HP: 5/204 [shambling mangrove (22)]
  3220 | D        | Slain by a hornet

Vault maps used:
D:        linesprint

Skill      XL: |  1  2  3  4  5  6  7  8  9 10 11 12 |
---------------+-------------------------------------+-----
Fighting       | 3 5 7 9 11 12 13 | 13.3
Dodging        | 3 5 7 9 11 12 13 | 13.3
Armour         | 2 3 4 5 6 7 8 9 10 12 13 | 13.2
Throwing       | 4 5 6 7 8 9 10 11 | 11.2
Maces & Flails | 3 4 6 8 9 11 12 13 | 13.8
Stealth        | |  0.3

Action                   |  1- 3 |  4- 6 |  7- 9 | 10-12 || total
-------------------------+-------+-------+-------+-------++-------
Melee: Unarmed           |    10 |     3 |       |       ||    13
       Morningstar       |       |    24 |    74 |    26 ||   124
       Giant spiked club |       |       |       |   160 ||   160
Throw: Large rock        |     5 |       |     9 |    33 ||    47
       Throwing net      |       |     2 |     2 |       ||     4
       Javelin           |       |       |       |     2 ||     2
Invok: Berserk           |       |     2 |     3 |     7 ||    12
       Trog's Hand       |       |     1 |     6 |    12 ||    19
       Brothers in Arms  |       |       |     1 |     5 ||     6
  Use: Potion            |       |     1 |     6 |     2 ||     9
       Scroll            |       |       |     1 |       ||     1
 Stab: Sleeping          |     1 |       |       |       ||     1
       Held in net/web   |       |     1 |       |       ||     1
  Eat: Chunk             |       |    11 |    11 |    31 ||    53
Armor: Robe              |     3 |     7 |       |       ||    10
       Troll leather arm |       |       |    27 |    44 ||    71
       Storm dragon scal |       |       |       |    48 ||    48
Dodge: Dodged            |     9 |     8 |    56 |   128 ||   201

Table legend:
 A = Spawn XP
 B = Non-spawn XP
 C = Spawn XP percentage of total XP
 D = Spawn monster count
 E = Non-spawn monster count
 F = Spawn count percentage of total count
 G = Total turns spent on level
                    A         B        C        D         E        F      G
               +---------+---------+-------+---------+---------+-------+---------
         Total |       0 |   31639 |   0.0 |       0 |     112 |   0.0 |  3220
               +---------+---------+-------+---------+---------+-------+---------
             D |       0 |   31639 |   0.0 |       0 |     112 |   0.0 |  3220
               +---------+---------+-------+---------+---------+-------+---------
